 Dungeon Crawl Stone Soup version 0.30.0-17-ge0270778cf (webtiles) character file.

Game seed: 13020513543794813043

614346 ohados the Intangible (level 26, 0/157 (158) HPs)
             Began as a Spriggan Brigand on May 21, 2023.
             Was a Believer of Uskayaw.
             Constricted to death by a tentacled monstrosity (3 damage)
             ... on level 5 of the Realm of Zot.
             The game lasted 04:00:13 (89574 turns).

ohados the Intangible (Spriggan Brigand)           Turns: 89574, Time: 04:00:13

HP:   0/157 (158)   AC: 13    Str: 10 (11) XL:     26   Next: 85%
MP:   4/38          EV: 44    Int: 11 (14) God:    Uskayaw [**....]
Gold: 4328          SH: 10    Dex: 26 (29) Spells: 20/31 levels left

rFire   + + +        a - +8 arc blade {discharge, rElec}
rCold   + + .        I - +3 buckler {AC+3}
rNeg    + + .        O - +4 troll leather armour
rPois   .            R - +2 hat "Ennul" {rN+ Will+ Slay+2}
rElec   +            y - scarf {rC+ rF+}
rCorr   +            (gloves unavailable)
SInv    +            (boots unavailable)
Will    +++++        n - amulet of faith
Stlth   ++++++++++   U - ring of Suspected Treachery {rElec rF+++ rC+ rN+ Dex-2}
HPRegen 1.26/turn    F - ring "Vyloulypn" {rCorr Dex+6 Stlth+}
MPRegen 0.26/turn

%: faith
@: constricted, studying 4 skills, lightly drained, unable to read, very quick
A: very small, no large weapons, unfitting armour, see invisible, speed 3,
strong 1, noise suppression
}: 3/15 runes: barnacled, silver, gossamer
a: Renounce Religion, Stomp, Line Pass


You were on level 5 of the Realm of Zot.
You worshipped Uskayaw.
Uskayaw was greatly pleased with you.
You visited 11 branches of the dungeon, and saw 51 of its levels.
You also visited: Trove, Bailey, Gauntlet, Ice Cave and Desolation.

You collected 8922 gold pieces.
You spent 4594 gold pieces at shops.

Inventory:

Hand Weapons
 a - the +8 arc blade (weapon) {discharge, rElec}
   (You bought it in a shop on level 1 of the Dungeon)

   rElec:     It insulates you from electricity.
 b - the +10 quick blade of Lacaidgh {venom, rElec rN+ Will+ rCorr Int-4}
   (You acquired it on level 2 of the Orcish Mines)

   Int:       It affects your intelligence (-4).
   rElec:     It insulates you from electricity.
   rN:        It protects you from negative energy.
   rCorr:     It protects you from acid and corrosion.
   Will:      It increases your willpower.
Missiles
 i - 9 throwing nets
 s - 3 curare-tipped darts (quivered)
Armour
 h - the +2 robe of Qazlal's Indignation {+Inv rC+++ Stlth- Archmagi}
   (You found it on level 1 of the Spider Nest)

   rC:        It renders you almost immune to cold.
   +Inv:      It lets you turn invisible.
   Archmagi:  It increases the power of your magical spells.
   Stlth:     It makes you less stealthy.
 y - a scarf of resistance (worn)
 I - a +3 buckler of protection (worn)
 O - a +4 troll leather armour (worn)
 R - the +2 hat "Ennul" (worn) {rN+ Will+ Slay+2}
   (You acquired it on level 3 of the Crypt)

   Slay:      It affects your accuracy & damage with ranged weapons and melee
   (+2).
   rN:        It protects you from negative energy.
   Will:      It increases your willpower.
Jewellery
 e - the ring "Toetic" {Fire rPois Will+++ MP-9 Str-3}
   (You took it off a deep elf archer on level 3 of the Elven Halls)

   [ring of fire]

   It enhances your fire magic.
   Str:       It affects your strength (-3).
   rF:        It protects you from fire.
   rC:        It makes you vulnerable to cold.
   rPois:     It protects you from poison.
   MP:        It affects your magic capacity (-9).
   Will:      It greatly increases your willpower.
 k - the ring of Bydemn {rElec MP+9 EV+5}
   (You took it off a deep elf knight on level 3 of the Elven Halls)

   [ring of evasion]

   EV:        It affects your evasion (+5).
   rElec:     It insulates you from electricity.
   MP:        It affects your magic capacity (+9).
 m - the ring of Uhaf {rPois rN+ Stlth+}
   (You found it on level 1 of the Depths)

   [ring of poison resistance]

   rPois:     It protects you from poison.
   rN:        It protects you from negative energy.
   Stlth:     It makes you more stealthy.
 n - an amulet of faith (around neck)
 t - the ring of Koukk {rPois Dex+3}
   (You took it off a vault warden on level 5 of the Vaults)

   [ring of poison resistance]

   Dex:       It affects your dexterity (+3).
   rPois:     It protects you from poison.
 A - an amulet of reflection
 E - a +4 ring of protection
 F - the ring "Vyloulypn" (right hand) {rCorr Dex+6 Stlth+}
   (You took it off an imperial myrmidon in the Desolation of Salt)

   [ring of dexterity]

   Dex:       It affects your dexterity (+6).
   rCorr:     It protects you from acid and corrosion.
   Stlth:     It makes you more stealthy.
 H - the ring of Shadows {Umbra +Inv Stlth+}
   (You took it off a deep elf demonologist on level 3 of the Elven Halls)

   [ring of stealth]

   Umbra:     It surrounds you with an aura of shadow, increasing your stealth
   and reducing the accuracy of all others within it.
   +Inv:      It lets you turn invisible.
   Stlth:     It makes you more stealthy.
 J - the ring "Kafiutoj" {+Blink rF+ rCorr Str+3 SInv}
   (You found it in the Desolation of Salt)

   [ring of see invisible]

   Str:       It affects your strength (+3).
   rF:        It protects you from fire.
   SInv:      It lets you see invisible.
   +Blink:    It lets you blink.
   rCorr:     It protects you from acid and corrosion.
 P - the ring "Qohydoh" {EV+5 Slay+2}
   (You found it in the Desolation of Salt)

   [ring of evasion]

   EV:        It affects your evasion (+5).
   Slay:      It affects your accuracy & damage with ranged weapons and melee
   (+2).
 U - the ring of Suspected Treachery (left hand) {rElec rF+++ rC+ rN+ Dex-2}
   (You took it off a guardian mummy on level 3 of the Crypt)

   [ring of positive energy]

   Dex:       It affects your dexterity (-2).
   rF:        It renders you almost immune to fire.
   rC:        It protects you from cold.
   rElec:     It insulates you from electricity.
   rN:        It protects you from negative energy.
 W - the ring "Ahacohum" {rN+ rCorr Dex+4}
   (You found it on level 3 of the Crypt)

   [ring of positive energy]

   Dex:       It affects your dexterity (+4).
   rN:        It protects you from negative energy.
   rCorr:     It protects you from acid and corrosion.
Wands
 w - a wand of quicksilver (42)
 M - a wand of mindburst (43)
 S - a wand of polymorph (27)
 V - a wand of digging (24)
 Y - a wand of iceblast (31)
 Z - a wand of paralysis (42)
Scrolls
 l - 19 scrolls of teleportation
 p - 11 scrolls of fog
 z - 12 scrolls of vulnerability
 D - 9 scrolls of fear
 G - 6 scrolls of blinking
 L - 6 scrolls of summoning
 X - 7 scrolls of magic mapping
Potions
 c - 7 potions of mutation
 g - 14 potions of heal wounds
 j - 26 potions of curing
 q - 4 potions of berserk rage
 r - 9 potions of might
 u - 7 potions of haste
 v - 7 potions of invisibility
 x - 7 potions of resistance
 B - a potion of cancellation
 K - 10 potions of flight
 N - 12 potions of ambrosia
 T - 6 potions of magic
Miscellaneous
 d - a phantom mirror
 f - a lightning rod (4/4)
 o - a box of beasts
 C - a phial of floods
 Q - a tin of tremorstones (2/2)


   Skills:
 + Level 22.9 Fighting
 - Level 14.0 Short Blades
 - Level 2.0 Throwing
 - Level 4.0 Armour
 O Level 27 Dodging
 - Level 24.5 Stealth
 - Level 7.0 Shields
 - Level 3.1 Spellcasting
 - Level 10.5 Translocations
 - Level 6.0 Air Magic
 + Level 21.7 Invocations
 - Level 24.8 Evocations


You had 20 spell levels left.
You knew the following spells:

 Your Spells              Type           Power      Damage    Failure   Level
a - Blink                 Tloc           48%        N/A       1%          2
b - Manifold Assault      Tloc           24%        N/A       6%          4
c - Lesser Beckoning      Tloc           48%        N/A       1%          2
d - Vhi's Electric Charg  Tloc/Air       38%        N/A       4%          3

Your spell library contained the following spells:

 Spells                   Type           Power      Damage    Failure   Level
 Apportation              Tloc           48%        N/A       1%          1
 Passage of Golubria      Tloc           24%        N/A       6%          4
 Momentum Strike          Conj/Tloc      26%        3d8       9%          2
 Swiftness                Air            15%        N/A       12%         3
 Shock                    Conj/Air       32%        1d5       14%         1
 Portal Projectile        Hex/Tloc       26%        N/A       16%         3
 Poisonous Vapours        Pois/Air       16%        N/A       21%         2
 Cigotuvi's Dreadful Rot  Necr/Pois/Air  12%        N/A       30%         2
 Airstrike                Air            7%         2d(2-18)  36%         4
 Beastly Appendage        Tmut           2%         N/A       43%         1
 Foxfire                  Conj/Fire      4%         2x1d4     43%         1
 Kiss of Death            Conj/Necr      4%         2d5       43%         1
 Magic Dart               Conj           4%         1d3       43%         1
 Necrotise                Necr           4%         1d4       43%         1
 Sting                    Tmut/Pois      4%         1d3       43%         1
 Summon Small Mammal      Summ           4%         N/A       43%         1
 Mephitic Cloud           Conj/Pois/Air  6%         N/A       52%         3
 Passwall                 Tmut/Erth      0%         N/A       56%         2
 Scorch                   Fire           2%         2d5       56%         2
 Searing Ray              Conj           2%         2d4       56%         2
 Sublimation of Blood     Necr           1%         N/A       56%         2
 Call Canine Familiar     Summ           1%         N/A       80%         3
 Dazzling Flash           Conj/Hex       2%         N/A       80%         3
 Frozen Ramparts          Ice            2%         1d1       80%         3
 Hailstorm                Conj/Ice       1%         3d3       80%         3
 Ignite Poison            Fire/Tmut/Pois 1%         N/A       80%         3
 Inner Flame              Hex/Fire       1%         N/A       80%         3
 Ozocubu's Armour         Ice            1%         N/A       80%         3
 Spider Form              Tmut/Pois      1%         N/A       80%         3
 Summon Guardian Golem    Hex/Summ       1%         N/A       80%         3
 Tukima's Dance           Hex            1%         N/A       80%         3
 Vampiric Draining        Necr           1%         2d6       80%         3
 Summon Forest            Summ/Tloc      6%         N/A       83%         5
 Silence                  Hex/Air        4%         N/A       98%         5
 Anguish                  Hex/Necr       0%         N/A       99%         4
 Animate Armour           Summ/Erth      2%         N/A       99%         4
 Animate Dead             Necr           1%         N/A       99%         4
 Cause Fear               Hex            0%         N/A       99%         4
 Dispel Undead            Necr           1%         3d6       99%         4
 Flame Wave               Conj/Fire      1%         2d4       99%         4
 Fulminant Prism          Conj/Hex       0%         3d5       99%         4
 Ice Form                 Ice/Tmut       1%         N/A       99%         4
 Leda's Liquefaction      Hex/Erth       0%         N/A       99%         4
 Olgreb's Toxic Radiance  Pois           1%         N/A       99%         4
 Petrify                  Tmut/Erth      1%         N/A       99%         4
 Summon Ice Beast         Ice/Summ       1%         N/A       99%         4
 Freezing Cloud           Conj/Ice/Air   3%         6-21      99%         5
 Agony                    Necr           1%         N/A       100%        5
 Alistair's Intoxication  Tmut/Pois      0%         N/A       100%        5
 Blade Hands              Tmut           0%         N/A       100%        5
 Borgnjor's Vile Clutch   Necr/Erth      0%         N/A       100%        5
 Fireball                 Conj/Fire      0%         3d3       100%        5
 Irradiate                Conj/Tmut      0%         3d11      100%        5
 Iskenderun's Battlesphe  Conj           1%         2d6       100%        5
 Summon Mana Viper        Hex/Summ       1%         N/A       100%        5
 Yara's Violent Unravell  Hex/Tmut       0%         3d3       100%        5
 Death Channel            Necr           0%         N/A       100%        6
 Eringya's Noxious Bog    Tmut/Pois      0%         N/A       100%        6
 Iron Shot                Conj/Erth      0%         9d1       100%        6
 Plasma Beam              Fire/Air       4%         2x1d15    100%        6
 Simulacrum               Ice/Necr       0%         N/A       100%        6
 Starburst                Conj/Fire      0%         6d3       100%        6
 Summon Cactus Giant      Summ           0%         N/A       100%        6
 Enfeeble                 Hex            0%         N/A       100%        7
 Haunt                    Necr/Summ      0%         N/A       100%        7
 Malign Gateway           Summ/Tloc      6%         N/A       100%        7
 Ozocubu's Refrigeration  Ice            0%         4d7       100%        7
 Spellforged Servitor     Conj/Summ      0%         N/A       100%        7
 Storm Form               Tmut/Air       4%         N/A       100%        7
 Summon Hydra             Summ           0%         N/A       100%        7
 Borgnjor's Revivificati  Necr           0%         N/A       100%        8
 Discord                  Hex            0%         N/A       100%        8
 Ignition                 Fire           0%         3d3       100%        8
 Infestation              Necr           0%         N/A       100%        8
 Lehudib's Crystal Spear  Conj/Erth      0%         10d2      100%        8
 Summon Horrible Things   Summ           0%         N/A       100%        8
 Chain Lightning          Conj/Air       4%         3d5       100%        9
 Death's Door             Necr           0%         N/A       100%        9
 Fire Storm               Conj/Fire      0%         6d1       100%        9
 Shatter                  Erth           0%         3d5*      100%        9


Dungeon Overview and Level Annotations

Branches:
Dungeon (15/15)            Temple (1/1) D:6            Lair (5/5) D:9
 Shoals (4/4) Lair:3       Spider (4/4) Lair:3        Slime (0/5) Lair:5
    Orc (2/2) D:9             Elf (3/3) Orc:2        Vaults (5/5) D:14
  Crypt (3/3) Vaults:3       Tomb (0/3) Crypt:3      Depths (4/4) D:15
    Zot (5/5) Depths:4     Bailey (visited)           IceCv (visited)
Desolation (visited)      Gauntlet (visited)

Altars:
Ashenzari
Dithmenos
Elyvilon
Fedhas
Gozag
Hepliaklqana
Kikubaaqudgha
Makhleb
Okawaru
Ru
Sif Muna
Trog
Uskayaw
Vehumet
Xom
Yredelemnul
Zin
The Shining One

Shops:
D:1 (   D:12 :   D:13 *   Orc:1 =   Orc:2 ::=[?!*   Elf:2 [[   Elf:3 [
Shoals:3 *=   Depths:1 =::

Portals:
Hell: Depths:1 Depths:3 Depths:4
Abyss: Depths:1 Depths:3 Depths:4
Pandemonium: Depths:2
Ziggurat: Depths:1

Annotations:
D:3 1 runed translucent door, Crazy Yiuf
D:9 1 runed translucent door, NoOffense's ghost, novice TrVM
Lair:5 exclusion: 2 oklob plants
Shoals:3 3 runed translucent doors, kuniqs's ghost, journeyman SpEn
Shoals:4 3 runed translucent doors, Sheol's ghost, adept MiBe
Spider:2 Roxanne
Spider:4 exclusion: 3 doors
Vaults:4 8 runed translucent doors, Yloucecuu's ghost, veteran SpEn
Depths:2 exclusion: 3 hell hogs
Zot:4 2 transporters, exclusion: obsidian statue


Innate Abilities, Weirdness & Mutations

You are very small and have problems with some larger weapons.
You are too small for most types of armour.
You have supernaturally acute eyesight. (SInv)
You cover ground extremely quickly. (Speed+++)
Your muscles are strong. (Str +4, Int/Dex -1)
You passively dampen the noise of your surroundings.


Message History

The Killer Klown blinks!
You block the death cob's attack.
The tentacled monstrosity tentacle-slaps you.
* * * LOW HITPOINT WARNING * * *
The tentacled monstrosity completely misses you. x2
The tentacled monstrosity grabs you.
The tentacled monstrosity constricts you!
* * * LOW HITPOINT WARNING * * *
The Executioner closely misses you. The Executioner completely misses you.
The Executioner closely misses you.
Unknown command.
Unknown command.
Unknown command.
Unknown command.
You cannot read scrolls in your current state!
Unknown command.
You feel strangely stable.
Your magical effects are unravelling.
You feel magically purged.
You feel yourself speed up. The Executioner completely misses you.
The Executioner hits you!
* * * LOW HITPOINT WARNING * * *
The Executioner completely misses you. You block the death cob's attack.
You block the Orb Guardian's attack. The Executioner completely misses you.
The Executioner misses you. The Executioner barely misses you.
The death cob completely misses you. The Orb Guardian hits you.
* * * LOW HITPOINT WARNING * * *
The Executioner misses you. You block the Executioner's attack.
The Executioner hits you but does no damage.
An Orb Guardian comes into view.
The death cob hits you but does no damage.
The Orb Guardian hits you!
* * * LOW HITPOINT WARNING * * *
The moth of wrath goads the Orb Guardian on!
The Orb Guardian goes berserk!
The tentacled monstrosity tentacle-slaps you!
* * * LOW HITPOINT WARNING * * *
The tentacled monstrosity completely misses you.
The tentacled monstrosity misses you.
The tentacled monstrosity constricts you.
You die...

**..............§§......▓.^,,,
▓▓....!.........D.X^..§.§..,,
▓▓......................▓...,,
▓▓.......................▓*..,,
▓.......................§▓**,,,
▓.^....(........X........# ****
*▓..............1.......##
*▓...L.....)XXLXy....▓##
▓▓.......yp*@zX..▓▓▓▓
▓▓....^##▓▓▓▓▓▓▓▓▓▓▓#
##...................###
##...........^....##....##
##..................###...#####
#....................###.......
#.^..................# ##......
#....................# #......
#....................# ##.....


You could see an orb of fire, a Killer Klown, a shadow dragon (wandering), a
tentacled monstrosity, a dread lich (fast), a death cob, 5 Orb Guardians, an
Executioner (summoned, fast) and 2 moths of wrath.

Vanquished Creatures
  A dread lich (Zot:5)
  4 ancient liches
  3 orbs of fire (Zot:5)
  A juggernaut (Depths:3)
  Vv (Crypt:1)
  Sojobo (Vaults:2)
  5 Killer Klowns
  2 curse toes
  Bai Suzhen (Crypt:3)
  7 golden dragons
  A profane servitor (Crypt:3)
  A bone dragon (Crypt:3)
  Arachne (Spider:4)
  2 electric golems
  5 liches
  15 tentacled monstrosities
  8 titans
  12 Orb Guardians (Zot:5)
  3 deep elf blademasters
  A quicksilver dragon (Zot:2)
  2 deep elf master archers (Elf:3)
  4 death cobs
  10 shadow dragons
  11 ancient champions
  6 sphinxes
  Agnes (Elf:2)
  11 tengu reavers
  Kirke (Lair:4)
  A kraken (Shoals:4)
  10 storm dragons
  4 draconian monks
  Donald (Spider:3)
  10 draconian knights
  2 revenants (Crypt:1)
  Ilsuiw (Shoals:4)
  7 fire giants
  8 emperor scorpions
  3 imperial myrmidons (Desolation)
  4 deep elf sorcerers
  6 draconian scorchers
  5 frost giants
  An iron dragon (Depths:4)
  8 draconian annihilators
  A juggernaut zombie (Depths:2)
  26 vault wardens
  5 deep elf elementalists (Elf:3)
  10 ghost moths
  A curse skull (Crypt:1)
  3 draconian shifters
  4 ghouls (Crypt:1)
  2 orc warlords
  10 ironbound thunderhulks
  34 very ugly things
  25 ironbound preservers
  3 reapers
  2 spriggan defenders (Depths:4)
  2 draconian stormcallers
  4 war gargoyles
  A broodmother (Spider:3)
  8 green draconians
  12 stone giants
  8 vampire knights
  13 white draconians
  An eleionoma (shapeshifter) (D:12)
  10 red draconians
  6 deep elf annihilators (Elf:3)
  7 deep elf demonologists
  A minotaur (Gauntlet)
  8 yellow draconians
  3 black draconians
  A bunyip (Spider:4)
  9 dire elephants
  14 purple draconians
  Azrael (D:15)
  3 mummy priests (Crypt:3)
  A spark wasp (Spider:4)
  5 eidola
  5 crystal guardians
  10 deep elf death magi
  6 merfolk javelineers (Shoals:4)
  13 ettins
  2 spriggan zombies
  6 jiangshi
  Josephine (Lair:4)
  21 yaktaur captains
  7 entropy weavers
  7 fire dragons
  9 merfolk impalers
  6 deep elf high priests
  A fenstrider witch zombie (Crypt:1)
  13 ragged hierophants
  8 ice dragons
  4 rakshasas
  7 servants of whispers (Desolation)
  4 hydras
  20 peacekeepers
  6 great orbs of eyes
  2 merfolk avatars (Shoals:2)
  6 jorogumos
  3 catoblepae (Lair:5)
  3 radroaches
  37 vault guards
  8 ogre magi
  10 centaur warriors
  13 ironbound frosthearts
  An alligator snapping turtle (Shoals:3)
  5 boulder beetles
  2 spriggan air magi (Depths:4)
  An anaconda (shapeshifter) (Elf:1)
  3 death knights
  23 two-headed ogres
  30 dancing weapons
  17 death yaks
  7 merfolk aquamancers
  6 deep troll earth magi
  5 tengu warriors
  A satyr (Shoals:4)
  8 vampire magi
  11 deep troll shamans
  A bennu skeleton (Crypt:3)
  2 spriggans (Depths:2)
  6 spriggan berserkers
  7 soul eaters
  A titan skeleton (Crypt:1)
  11 deep elf knights
  3 sun demons
  Sonja (D:13)
  5 salamander mystics
  4 skysharks
  A hell knight (Vaults:5)
  4 shadow wraiths (Crypt:3)
  2 sun moths
  A sixfirhy (D:15)
  50 skeletal warriors
  5 sea snakes
  13 iron trolls
  12 pharaoh ants
  7 flayed ghosts
  A glowing orange brain (Depths:2)
  2 golden dragon zombies (Depths:2)
  65 deep trolls
  A bunyip zombie (Crypt:3)
  11 wizards
  11 deep elf archers
  15 orb spiders
  An orb spider (shapeshifter) (Vaults:4)
  A lindwurm (shapeshifter) (D:14)
  A golden dragon skeleton (Crypt:1)
  23 ironbound convokers
  9 lindwurms
  27 deep elf zephyrmancers
  A bog body (Crypt:1)
  5 orc knights
  2 anaconda skeletons (Crypt:3)
  7 necromancers
  13 phantasmal warriors
  18 harpies
  An iron dragon zombie (Crypt:2)
  An orc sorcerer (Orc:1)
  5 steelbarb worms
  A frost giant zombie (Depths:2)
  21 deep elf pyromancers
  2 iron dragon skeletons
  43 ugly things
  13 salamanders
  17 manticores
  A shadow dragon skeleton (Crypt:1)
  25 wolf spiders
  11 cyclopes
  22 moths of wrath
  23 vault sentinels
  6 black mambas
  A centaur zombie (Crypt:1)
  A black mamba (shapeshifter) (Vaults:5)
  3 fauns
  A rust devil (D:15)
  A frost giant skeleton (Crypt:3)
  14 elephants
  3 guardian serpents (Desolation)
  Maurice (D:13)
  An eleionoma skeleton (Crypt:2)
  An eye of devastation (shapeshifter) (Depths:2)
  10 cane toads
  A dire elephant zombie (Crypt:3)
  10 merfolk sirens
  4 demonic crawlers
  4 water nymphs
  3 ice statues (IceCv)
  6 gargoyles
  A guardian serpent (shapeshifter) (Vaults:4)
  A naga skeleton (Crypt:1)
  3 smoke demons
  7 unseen horrors
  3 kobold demonologists
  A grey draconian zombie (Crypt:1)
  2 orange demons (D:15)
  Maggie (D:6)
  A red draconian zombie (Crypt:3)
  3 torpor snails
  2 rime drakes
  An efreet (D:15)
  8 komodo dragons
  10 freezing wraiths
  A sea snake zombie (Crypt:1)
  10 guardian mummies
  20 yaktaurs
  A catoblepas skeleton (Crypt:1)
  7 tengu conjurers
  12 trolls
  A troll (shapeshifter) (Vaults:4)
  A red devil (D:15)
  3 polar bears
  3 hellwings (D:15)
  92 saltlings
  A harpy skeleton (Crypt:1)
  7 meliai
  28 merfolk
  A blink frog (shapeshifter) (D:14)
  3 wind drakes (Shoals:4)
  22 blink frogs
  5 hornets
  48 tarantellas
  10 snapping turtles
  2 dream sheep (Shoals:4)
  A meliai zombie (Crypt:3)
  45 slime creatures
  A centaur simulacrum (Crypt:1)
  Sigmund (D:6)
  A culicivora (shapeshifter) (D:14)
  32 jumping spiders
  An ice dragon skeleton (Crypt:2)
  4 air elementals
  6 flying skulls (Crypt:1)
  4 shadows
  2 ynoxinuls (D:15)
  32 culicivoras
  4 small abominations (Depths:4)
  A wyvern (D:8)
  A vampire (D:9)
  2 dire elephant simulacra (IceCv)
  3 hogs (Lair:4)
  19 water elementals
  69 yaks
  A black mamba skeleton (Crypt:1)
  4 ushabtiu (Crypt:3)
  19 wraiths
  A wind drake zombie (Crypt:2)
  4 fire bats
  3 basilisks
  4 fire elementals
  Grum (Bailey)
  9 vampire mosquitoes
  3 chaos spawn (Depths:4)
  2 wargs
  5 steam dragons
  3 neqoxecs
  A death yak simulacrum (IceCv)
  2 acid dragons
  67 redbacks
  A harpy simulacrum (Crypt:3)
  2 hell hounds (D:15)
  A hydra simulacrum (IceCv)
  14 water moccasins
  2 demonspawn skeletons
  A merfolk skeleton (Crypt:2)
  2 floating eyes
  6 large abominations
  A two-headed ogre skeleton (Crypt:3)
  3 ice beasts
  6 black bears
  21 orc warriors
  31 ogres
  2 snapping turtle skeletons
  2 boggarts (D:9)
  23 wolves
  11 centaurs
  An elephant skeleton (Crypt:3)
  A phantom (D:4)
  4 elf zombies (Elf:1)
  A bullfrog (shapeshifter) (D:8)
  5 kobold brigands
  A wyvern zombie (Crypt:3)
  11 bullfrogs
  9 gnoll sergeants
  A naga simulacrum (Crypt:3)
  2 earth elementals (Depths:2)
  A scorpion (D:4)
  A cane toad simulacrum (IceCv)
  5 wights
  11 killer bees
  3 howler monkeys (D:9)
  A polar bear skeleton (Crypt:2)
  A wolf zombie (Crypt:1)
  9 orc priests
  3 hounds
  A jelly (D:7)
  5 gnoll boudas (Bailey)
  2 sleepcaps
  Natasha (thrice) (D:3 D:2)
  5 iguanas
  Terence (D:3)
  23 orc wizards
  A polar bear simulacrum (IceCv)
  A wolf simulacrum (IceCv)
  A mummy (Crypt:3)
  Robin (D:3)
  18 gnolls
  9 adders
  A swamp drake zombie (Crypt:2)
  2 shadow imps
  15 white imps
  An ufetubus (D:4)
  A worm (D:2)
  2 dart slugs
  74 orcs
  9 ball pythons
  6 bats
  A bat zombie (Crypt:1)
  5 endoplasms
  8 giant cockroaches
  23 goblins
  12 hobgoblins
  7 jackals
  16 kobolds
  6 quokkas
  5 frilled lizards
  6 rats
  2 tentacles (Shoals:4)
2554 creatures vanquished.

Vanquished Creatures (collateral kills)
  A lich (Depths:2)
  A merfolk avatar (Shoals:4)
2 creatures vanquished.

Vanquished Creatures (others)
  A purple draconian (Zot:3)
  A salamander (Depths:3)
  A yaktaur (Vaults:3)
  An air elemental (Elf:2)
  A human (Lair:4)
  An orc wizard (D:10)
  6 tentacles (Shoals:4)
12 creatures vanquished.

Grand Total: 2568 creatures vanquished

Notes
Turn   | Place    | Note
-------+----------+-------------------------------------------
     0 | D:1      | ohados the Spriggan Brigand began the quest for the Orb.
     0 | D:1      | Reached XP level 1. HP: 10/10 MP: 2/2
   137 | D:1      | Reached XP level 2. HP: 15/15 MP: 3/3
   224 | D:1      | Reached skill level 2 in Dodging
   739 | D:1      | Reached XP level 3. HP: 15/18 MP: 4/4
   899 | D:1      | Found Ijuko's Antique Weapon Emporium.
  1330 | D:2      | Reached XP level 4. HP: 21/23 MP: 5/5
  1652 | D:3      | Noticed Terence
  1703 | D:3      | Noticed Natasha
  2020 | D:3      | Killed Natasha
  2021 | D:3      | Reached skill level 3 in Dodging
  2204 | D:3      | Noticed Natasha
  2284 | D:2      | Killed Natasha
  2285 | D:2      | Reached XP level 5. HP: 4/27 MP: 6/6
  2444 | D:2      | Noticed Natasha
  2453 | D:2      | Killed Natasha
  2816 | D:3      | Killed Terence
  3042 | D:3      | Found a hazy altar of Hepliaklqana.
  3043 | D:3      | Found a broken altar of Ashenzari.
  3044 | D:3      | Noticed Robin
  3303 | D:3      | Reached skill level 4 in Dodging
  3303 | D:3      | Reached XP level 6. HP: 32/32 MP: 7/7
  3696 | D:3      | Killed Robin
  3834 | D:3      | Found a runed translucent door.
  3835 | D:3      | Noticed Crazy Yiuf
  4037 | D:4      | Reached skill level 1 in Evocations
  4610 | D:4      | Reached XP level 7. HP: 29/36 MP: 8/8
  5029 | D:5      | Entered Level 5 of the Dungeon
  5046 | D:5      | Reached skill level 5 in Dodging
  5756 | D:6      | Reached skill level 5 in Short Blades
  5813 | D:6      | Noticed Maggie
  6255 | D:6      | Killed Maggie
  6256 | D:6      | Reached skill level 6 in Dodging
  6256 | D:6      | Reached XP level 8. HP: 12/42 MP: 9/9
  6644 | D:6      | Reached skill level 5 in Evocations
  6811 | D:6      | Reached skill level 7 in Dodging
  7051 | D:6      | Noticed Sigmund
  7100 | D:6      | Killed Sigmund
  7370 | D:6      | Found a staircase to the Ecumenical Temple.
  7405 | Temple   | Entered the Ecumenical Temple
  7493 | Temple   | Became a worshipper of Uskayaw the Reveller
  7612 | D:7      | Found a shimmering altar of Xom.
  7662 | D:7      | Reached * piety under Uskayaw
  7770 | D:6      | Reached skill level 5 in Fighting
  7801 | D:6      | Reached XP level 9. HP: 47/47 MP: 10/10
  8057 | D:7      | Reached ** piety under Uskayaw
  8059 | D:7      | Reached *** piety under Uskayaw
  8061 | D:7      | Reached skill level 8 in Dodging
  8362 | D:7      | Found a shimmering altar of Xom.
  8365 | D:7      | Found a shimmering altar of Xom.
  8372 | D:7      | Found a shimmering altar of Xom.
  8373 | D:7      | Found a shimmering altar of Xom.
  8374 | D:7      | Found a shimmering altar of Xom.
  8375 | D:7      | Found a shimmering altar of Xom.
  8668 | D:7      | Reached **** piety under Uskayaw
  8670 | D:7      | Reached ***** piety under Uskayaw
  8774 | D:7      | Noticed a polar bear
  8871 | D:7      | Noticed a yaktaur
  8937 | D:7      | Noticed a komodo dragon
  8940 | D:7      | Noticed a komodo dragon
  9134 | D:8      | Reached skill level 9 in Dodging
  9215 | D:8      | Found a blossoming altar of Fedhas.
  9819 | D:8      | Reached XP level 10. HP: 53/53 MP: 11/11
 10788 | D:8      | Reached skill level 10 in Dodging
 10894 | D:9      | Found a runed translucent door.
 10894 | D:9      | Noticed NoOffense's ghost (novice TrVM)
 11014 | D:9      | Noticed a two-headed ogre
 11098 | D:9      | Killed a two-headed ogre
 11365 | D:9      | Found a staircase to the Lair.
 11937 | D:9      | Reached skill level 10 in Evocations
 11990 | D:9      | Found a staircase to the Orcish Mines.
 12035 | D:9      | Reached skill level 11 in Dodging
 12445 | D:8      | Reached XP level 11. HP: 44/58 MP: 12/12
 13018 | D:9      | Noticed a deep elf pyromancer
 13184 | D:8      | Reached skill level 10 in Short Blades
 13467 | D:9      | Killed a deep elf pyromancer
 13565 | D:9      | Noticed a centaur warrior
 14275 | D:9      | Killed a centaur warrior
 14276 | D:9      | Reached skill level 12 in Dodging
 14726 | D:10     | Entered Level 10 of the Dungeon
 15083 | D:10     | Found a flagged portal.
 15191 | Bailey   | Entered a bailey
 15821 | Bailey   | Noticed Grum
 15873 | Bailey   | Killed Grum
 16237 | D:10     | Found an iron altar of Okawaru.
 16374 | D:10     | Reached skill level 1 in Invocations
 16923 | Lair:1   | Entered Level 1 of the Lair of Beasts
 17027 | Lair:1   | Reached skill level 13 in Dodging
 17135 | Lair:1   | Reached skill level 1 in Armour
 17147 | Lair:1   | Reached XP level 12. HP: 29/65 MP: 14/14
 18363 | Lair:2   | Noticed a boulder beetle
 18507 | Lair:2   | Killed a boulder beetle
 19224 | Lair:2   | Noticed a death yak
 19301 | Lair:2   | Killed a death yak
 19751 | Lair:2   | Noticed a death yak
 19752 | Lair:2   | Noticed a death yak
 19752 | Lair:2   | Noticed a death yak
 19753 | Lair:2   | Noticed a death yak
 19753 | Lair:2   | Noticed a death yak
 19800 | Lair:2   | Killed a death yak
 20092 | Lair:2   | Killed a death yak
 20093 | Lair:2   | Reached skill level 10 in Stealth
 20304 | Lair:2   | Killed a death yak
 20305 | Lair:2   | Reached skill level 14 in Dodging
 20618 | Lair:2   | Killed a death yak
 20686 | Lair:2   | Killed a death yak
 21237 | Lair:3   | Reached XP level 13. HP: 26/70 MP: 16/16
 21683 | Lair:3   | Found a hole to the Spider Nest.
 22509 | Lair:3   | Found a staircase to the Shoals.
 23565 | D:1      | Bought the +8 arc blade {discharge, rElec} for 1320 gold
                  | pieces
 23565 | D:1      | Found the +8 arc blade {discharge, rElec}
 23782 | Lair:4   | Noticed Josephine
 23911 | Lair:4   | Noticed Kirke
 23964 | Lair:4   | Killed Kirke
 25549 | Lair:4   | Killed Josephine
 25815 | Lair:5   | Entered Level 5 of the Lair of Beasts
 25827 | Lair:5   | Reached skill level 10 in Fighting
 25827 | Lair:5   | Reached XP level 14. HP: 61/77 MP: 17/17
 25904 | Lair:4   | Reached skill level 15 in Dodging
 26234 | Lair:5   | Found a hide-covered altar of Uskayaw.
 26355 | Lair:5   | Found a staircase to the Slime Pits.
 26697 | Lair:5   | Reached skill level 15 in Evocations
 28015 | D:11     | Reached skill level 16 in Dodging
 28612 | D:12     | Found a bloodstained altar of Trog.
 29783 | D:12     | Reached skill level 1 in Shields
 29811 | D:12     | Reached XP level 15. HP: 46/82 MP: 18/18
 30143 | D:12     | Found Fawusoi's Book Emporium.
 31577 | D:13     | Found Tollye's Assorted Antiques.
 31584 | D:13     | Bought a scroll of identify for 50 gold pieces
 31584 | D:13     | Bought a scroll labelled HANEAS LULIAX for 25 gold pieces
 31584 | D:13     | Bought 2 purple potions for 45 gold pieces
 31599 | D:13     | Reached skill level 5 in Shields
 31634 | D:13     | Noticed Sonja
 31656 | D:13     | Killed Sonja
 31798 | D:13     | Noticed Maurice
 31804 | D:13     | Killed Maurice
 32194 | D:13     | Learned a level 2 spell: Blink
 32199 | D:13     | Learned a level 4 spell: Manifold Assault
 32225 | D:13     | Reached skill level 1 in Translocations
 32400 | D:14     | Reached skill level 5 in Translocations
 32764 | D:14     | Found a gate leading to a gauntlet.
 32787 | Gauntlet | Entered a Gauntlet
 32787 | Gauntlet | Found a transporter.
 32787 | Gauntlet | Found a transporter.
 32787 | Gauntlet | Found a transporter.
 32827 | Gauntlet | Found a transporter.
 32831 | Gauntlet | Found a transporter.
 32838 | Gauntlet | Found a transporter.
 32841 | Gauntlet | Found a transporter.
 32849 | Gauntlet | Found a transporter.
 32867 | Gauntlet | Found a transporter.
 32872 | Gauntlet | Found a transporter.
 32875 | Gauntlet | Found a transporter.
 32885 | Gauntlet | Found a transporter.
 33154 | Gauntlet | Identified the -1 pair of boots of Emoetel {rCorr Dex+5
                  | Stlth+}
 33650 | D:14     | Found a gate to the Vaults.
 33658 | D:14     | Identified the +9 scimitar of Reason {flame, rCorr Int+6}
 33943 | D:15     | Entered Level 15 of the Dungeon
 35312 | D:15     | Noticed Azrael
 35323 | D:15     | Killed Azrael
 35522 | D:15     | Reached XP level 16. HP: 72/88 MP: 20/20
 35769 | D:15     | Reached skill level 5 in Invocations
 35909 | D:15     | Reached ****** piety under Uskayaw
 36599 | D:15     | Found a staircase to the Depths.
 37027 | Orc:1    | Entered Level 1 of the Orcish Mines
 37050 | Orc:1    | Found Feon Guqot's Jewellery Shop.
 37061 | Orc:1    | Bought an amulet of reflection for 510 gold pieces
 37326 | Orc:2    | Entered Level 2 of the Orcish Mines
 37326 | Orc:2    | Found Iragaeny's Book Shop.
 37328 | Orc:2    | Noticed a walking earthen tome
 37330 | Orc:2    | Found Qaodead's Book Boutique.
 37332 | Orc:2    | Noticed a walking frostbound tome
 37445 | Orc:2    | Found a frozen archway.
 37459 | Orc:2    | Found Ucsat's Armour Boutique.
 37465 | IceCv    | Entered an ice cave
 38083 | Orc:2    | Found a staircase to the Elven Halls.
 38206 | Orc:2    | Reached skill level 15 in Stealth
 38209 | Orc:2    | Reached skill level 17 in Dodging
 38222 | Orc:2    | Found Ulag's Magic Scroll Shoppe.
 38222 | Orc:2    | Found Xatual's Distillery.
 38375 | Orc:2    | Found Tibiuk's Jewellery Emporium.
 38468 | Orc:2    | Found Misul's General Store.
 38468 | Orc:2    | Found Omomaem's Antique Armour Boutique.
 38594 | Orc:2    | Bought a scroll of magic mapping for 90 gold pieces
 38594 | Orc:2    | Bought a scroll of identify for 24 gold pieces
 38594 | Orc:2    | Bought a scroll of identify for 24 gold pieces
 38594 | Orc:2    | Bought a scroll of identify for 24 gold pieces
 38594 | Orc:2    | Bought a scroll of identify for 24 gold pieces
 38595 | Orc:2    | Identified 3 scrolls of acquirement
 38599 | Orc:2    | Bought a potion of might for 68 gold pieces
 38600 | Orc:2    | Bought a wand of paralysis (4) for 134 gold pieces
 38744 | Orc:2    | Acquired 936 gold pieces
 38746 | Orc:2    | Acquired a scarf of resistance
 38761 | Orc:2    | Acquired the +10 quick blade of Lacaidgh {venom, rElec rN+
                  | Will+ rCorr Int-4}
 39100 | Orc:2    | Bought a ring of poison resistance for 320 gold pieces
 39254 | Spider:1 | Entered Level 1 of the Spider Nest
 40187 | Spider:1 | Reached skill level 18 in Dodging
 40187 | Spider:1 | Reached XP level 17. HP: 91/94 MP: 21/21
 40295 | Spider:1 | Identified the +2 robe of Qazlal's Indignation {+Inv rC+++
                  | Stlth- Archmagi}
 41686 | Spider:2 | Identified Roxanne's Catalogue of the Xenolith
 41686 | Spider:2 | Noticed Roxanne
 42249 | Spider:3 | Identified the +11 flail of Lies {holy, Contam rElec rPois
                  | Dex+2}
 42798 | Spider:3 | Noticed Donald
 42810 | Spider:3 | Killed Donald
 43358 | Spider:4 | Entered Level 4 of the Spider Nest
 43437 | Spider:4 | Paralysed by a jorogumo for 1 turns
 43759 | Spider:4 | Reached skill level 10 in Invocations
 44469 | Spider:4 | Reached XP level 18. HP: 100/100 MP: 27/27
 44564 | Spider:4 | Noticed Arachne
 44570 | Spider:4 | Killed Arachne
 46386 | Spider:4 | Got a gossamer rune of Zot
 46639 | Orc:2    | Bought a potion of flight for 51 gold pieces
 46639 | Orc:2    | Bought a potion of heal wounds for 85 gold pieces
 46640 | Orc:2    | Bought a potion of heal wounds for 70 gold pieces
 46640 | Orc:2    | Bought a scroll of teleportation for 42 gold pieces
 46640 | Orc:2    | Bought a potion of berserk rage for 70 gold pieces
 46641 | Orc:2    | Bought a scroll of fog for 48 gold pieces
 46641 | Orc:2    | Bought a scroll of fog for 48 gold pieces
 46641 | Orc:2    | Bought a scroll of fog for 48 gold pieces
 46781 | Shoals:1 | Entered Level 1 of the Shoals
 46964 | Shoals:1 | Identified the +6 war axe of Gippuv {drain, Fragile rF+
                  | rCorr SInv}
 46991 | Shoals:1 | Learned a level 2 spell: Lesser Beckoning
 47732 | Shoals:1 | Identified the +0 pair of gloves of Yredelemnul's Pride
                  | {rElec rC+ Will- Int+3}
 48066 | Shoals:2 | Identified the +10 long sword "Xybafit" {heavy, rElec Will-
                  | Dex+3 SInv}
 48537 | Shoals:3 | Found Foxiudel's Jewellery Shop.
 48564 | Shoals:3 | Found a runed translucent gate.
 48564 | Shoals:3 | Found a runed translucent gate.
 48565 | Shoals:3 | Found a runed translucent gate.
 48582 | Shoals:3 | Noticed kuniqs's ghost (journeyman SpEn)
 48889 | Shoals:3 | Found Kosun's General Store.
 49186 | Shoals:3 | Bought a potion of heal wounds for 80 gold pieces
 49186 | Shoals:3 | Bought a wand of quicksilver (8) for 537 gold pieces
 49186 | Shoals:3 | Bought a wand of paralysis (4) for 153 gold pieces
 49186 | Shoals:3 | Bought a potion of mutation for 128 gold pieces
 49890 | Shoals:4 | Entered Level 4 of the Shoals
 49921 | Shoals:4 | Reached skill level 19 in Dodging
 50004 | Shoals:4 | Found a runed translucent gate.
 50005 | Shoals:4 | Found a runed translucent gate.
 50006 | Shoals:4 | Found a runed translucent gate.
 50010 | Shoals:4 | Noticed Sheol's ghost (adept MiBe)
 51482 | Shoals:4 | Noticed Ilsuiw
 51607 | Shoals:4 | Killed Ilsuiw
 52156 | Shoals:4 | Reached XP level 19. HP: 83/104 MP: 30/30
 52215 | Shoals:4 | Got a barnacled rune of Zot
 53034 | Vaults:1 | Entered Level 1 of the Vaults
 53432 | Vaults:1 | You fall into a shaft and drop 1 floor!
 55120 | Vaults:1 | Reached skill level 20 in Dodging
 55755 | Vaults:2 | Reached skill level 15 in Invocations
 56141 | Vaults:2 | Noticed Sojobo
 56148 | Vaults:2 | Killed Sojobo
 56434 | Vaults:2 | Reached XP level 20. HP: 98/112 MP: 32/32
 56764 | Vaults:3 | Reached skill level 21 in Dodging
 57302 | Vaults:3 | Found a staircase to the Crypt.
 57397 | Vaults:3 | Reached skill level 15 in Fighting
 59202 | Orc:2    | Bought a +6 ring of dexterity for 576 gold pieces
 59531 | Vaults:3 | Reached skill level 22 in Dodging
 59820 | Vaults:3 | Found a portal to a secret trove of treasure.
 60564 | Vaults:4 | Reached XP level 21. HP: 103/118 MP: 34/34
 60723 | Vaults:4 | Found a large runed translucent door.
 60738 | Vaults:4 | Found a large runed translucent door.
 60866 | Vaults:4 | Found the +2 hat of the Bear Spirit {Spirit, Bear, *Rage
                  | Will++}
 60890 | Vaults:4 | Found a radiant altar of Vehumet.
 60896 | Vaults:4 | Identified the +2 hat of the Apricot {rPois Int+2 Dex-3}
 61244 | Vaults:4 | Found a large runed translucent door.
 61244 | Vaults:4 | Found a large runed translucent door.
 61244 | Vaults:4 | Found a large runed translucent door.
 61244 | Vaults:4 | Found a large runed translucent door.
 61244 | Vaults:4 | Noticed Yloucecuu's ghost (veteran SpEn)
 61245 | Vaults:4 | Found a large runed translucent door.
 61245 | Vaults:4 | Found a large runed translucent door.
 61685 | Depths:1 | Entered Level 1 of the Depths
 62186 | Vaults:3 | You paid a toll of +4 ice dragon scales to enter a treasure
                  | trove
 62187 | Trove    | Entered a treasure trove
 62201 | Trove    | Got Sif Muna's Handbook of Conflagration and the Undead
 62226 | Trove    | Got Mequasm's Guide on Xenomorphic Obstruction
 62229 | Trove    | Got Esebiran's Teachings on Fumes and Accompaniment
 62529 | Depths:1 | Paralysed by a floating eye for 3 turns
 62537 | D:15     | Paralysed by a floating eye for 3 turns
 63218 | Depths:1 | Found Wookem's Book Shop.
 63219 | Depths:1 | Found Uhil's Jewellery Shoppe.
 63221 | Depths:1 | Found Feurhan's Book Shop.
 63314 | Depths:1 | Identified the ring of Uhaf {rPois rN+ Stlth+}
 63317 | Depths:1 | Found a shimmering blue altar of Sif Muna.
 63376 | Depths:1 | Found an opulent altar of Gozag.
 63390 | Depths:1 | Found a one-way gateway to a ziggurat.
 63402 | Depths:1 | Found a one-way gate to the infinite horrors of the Abyss.
 63553 | Depths:1 | Found a gateway to Hell.
 65168 | Depths:2 | Identified the +1 whip of Rubbish {speed, Dex+3}
 65361 | Depths:2 | Found a one-way gate leading to the halls of Pandemonium.
 66136 | Depths:2 | Reached skill level 23 in Dodging
 66315 | Depths:2 | Identified the +4 kite shield of Dyspraxia {rCorr}
 66584 | Depths:2 | Noticed an ancient lich
 66596 | Depths:2 | Killed an ancient lich
 66611 | Depths:2 | Identified the +0 chain mail of the Past {rElec rC++ Dex-4
                  | Slay+2}
 66785 | Depths:3 | Reached XP level 22. HP: 88/124 MP: 35/35
 67700 | Depths:3 | Noticed a golden dragon
 67710 | Depths:3 | Killed a golden dragon
 68169 | Depths:3 | Found a sacrificial altar of Ru.
 68620 | Depths:3 | Noticed a juggernaut
 68629 | Depths:3 | Noticed a golden dragon
 68643 | Depths:3 | Killed a juggernaut
 68644 | Depths:3 | Killed a golden dragon
 68645 | Depths:3 | Reached skill level 24 in Dodging
 68744 | Depths:3 | Learned a level 3 spell: Vhi's Electric Charge
 68820 | Depths:3 | Reached skill level 1 in Air Magic
 69059 | Depths:4 | Entered Level 4 of the Depths
 69080 | Depths:4 | Noticed a golden dragon
 69524 | Depths:4 | Killed a golden dragon
 69625 | Depths:4 | Found an iron altar of Okawaru.
 69637 | Depths:4 | Reached skill level 1 in Spellcasting
 69993 | Depths:4 | Reached skill level 5 in Air Magic
 70404 | Depths:4 | Reached skill level 10 in Translocations
 70654 | Depths:4 | Noticed a golden dragon
 70656 | Depths:4 | Found a gate to the Realm of Zot.
 70675 | Depths:4 | Killed a golden dragon
 71106 | Elf:1    | Entered Level 1 of the Elven Halls
 71117 | Elf:1    | Found a crumbling gateway.
 71167 | Desolati | Entered the Desolation of Salt
 71582 | Desolati | Identified the amulet of the Prince of Darkness {RegenMP
                  | +Blink rN+ Str+3 Int-5}
 71605 | Desolati | Reached XP level 23. HP: 123/130 MP: 36/36
 71674 | Desolati | Identified the ring "Vyloulypn" {rCorr Dex+6 Stlth+}
 71824 | Desolati | Identified the +8 great mace "Sypici" {drain, rC- rCorr
                  | Dex+3}
 72126 | Desolati | Identified the ring "Kafiutoj" {+Blink rF+ rCorr Str+3
                  | SInv}
 72232 | Desolati | Identified the ring "Qohydoh" {EV+5 Slay+2}
 73377 | Elf:2    | Noticed Agnes
 73388 | Elf:2    | Killed Agnes
 73579 | Elf:2    | Found Pepteip's Armour Shoppe.
 73664 | Elf:2    | Found a runed translucent gate.
 73664 | Elf:2    | Found a runed translucent gate.
 73677 | Elf:2    | Found a runed translucent gate.
 73789 | Elf:2    | Found Tooti's Antique Armour Shop.
 74709 | Elf:3    | Entered Level 3 of the Elven Halls
 74733 | Elf:3    | Reached skill level 25 in Dodging
 74959 | Elf:3    | Found Cayqukhu's Antique Armour Shoppe.
 75384 | Elf:3    | Identified the ring "Toetic" {Fire rPois Will+++ MP-9
                  | Str-3}
 75384 | Elf:3    | Identified the ring of Bydemn {rElec MP+9 EV+5}
 75972 | Elf:3    | Identified the +8 mace of Articulation {flame, rN+ Will+}
 75978 | Elf:3    | Identified the +5 ring mail of Cogiraci {rElec Stlth+}
 76323 | Elf:3    | Acquired the amulet "Xudeor" {Regen+ Str+3}
 76369 | Elf:3    | Got Gafiwabo's Elucidation of Shapes and Outbursts
 76386 | Elf:3    | Identified the staff of cold "Wipofops" {rC+ Will+ Str-2
                  | Int-3 Dex+8}
 76394 | Elf:3    | Got the Catalogue of Attacks and Alteration
 76409 | Elf:3    | Identified the +1 chain mail of Cowardice {+Inv rElec
                  | rPois}
 76935 | Crypt:1  | Entered Level 1 of the Crypt
 77003 | Crypt:1  | Reached XP level 24. HP: 108/137 MP: 32/37
 77730 | Crypt:1  | Noticed Vv
 77737 | Crypt:1  | Killed Vv
 78715 | Crypt:3  | Entered Level 3 of the Crypt
 78785 | Crypt:3  | Reached skill level 26 in Dodging
 78930 | Crypt:3  | Noticed Bai Suzhen
 78937 | Crypt:3  | Killed Bai Suzhen
 79307 | Crypt:3  | Found a staircase to the Tomb.
 80413 | Crypt:3  | Identified the ring of Suspected Treachery {rElec rF+++ rC+
                  | rN+ Dex-2}
 80417 | Crypt:3  | Found a basalt altar of Yredelemnul.
 80504 | Crypt:3  | Found an ancient bone altar of Kikubaaqudgha.
 80582 | Crypt:3  | Identified the ring of Kaked {rN+ Str+3}
 80582 | Crypt:3  | Identified the ring "Ahacohum" {rN+ rCorr Dex+4}
 80594 | Crypt:3  | Acquired the +2 hat "Ennul" {rN+ Will+ Slay+2}
 80645 | Crypt:3  | Identified the staff of cold "Meicaus" {rElec rC+ Dex+5}
 80672 | Crypt:3  | Identified the +1 gold dragon scales of Zuokhley {Rampage
                  | rPois rF+ rC+ Str+3}
 80936 | Vaults:5 | Entered Level 5 of the Vaults
 81297 | Vaults:5 | Noticed an ancient lich
 81495 | Vaults:4 | Reached XP level 25. HP: 144/144 MP: 37/37
 81504 | Vaults:4 | Killed an ancient lich
 81817 | Vaults:5 | Noticed an ancient lich
 81867 | Vaults:5 | Noticed an ancient lich
 81875 | Vaults:4 | Killed an ancient lich
 81963 | Vaults:5 | Identified the +6 scimitar "Muafoug" {drain, rF+ rC+
                  | Stlth+}
 82016 | Vaults:4 | Killed an ancient lich
 82017 | Vaults:4 | Reached skill level 27 in Dodging
 82188 | Vaults:5 | Identified the +4 plate armour of Repulsion {+Blink rF+
                  | rN+}
 82524 | Vaults:5 | Identified the ring "Zuedet" {Ice rN+++ Str+7 Dex-4}
 82654 | Vaults:5 | Identified the +7 quarterstaff of Daxzagiv {drain, +Blink
                  | Dex+3 Stlth+}
 82678 | Vaults:5 | Identified the +5 long sword "Beastbane" {venom, rElec}
 82987 | Vaults:5 | Identified the ring "Gaub" {Wiz Will+ Dex+3}
 82988 | Vaults:5 | Identified the +0 robe of the Locust {rF+ MP-9 Int+3
                  | Archmagi}
 83246 | Vaults:5 | Got a silver rune of Zot
 83278 | Vaults:5 | Identified the ring of Koukk {rPois Dex+3}
 83971 | Vaults:5 | Identified the ring of Guuzxoen {Fly rN+}
 83976 | Vaults:5 | Identified the staff of air "Qompy" {rElec rC+}
 84404 | Zot:1    | Entered Level 1 of the Realm of Zot
 84432 | Zot:1    | You fall into a shaft and drop 1 floor!
 84461 | Zot:2    | Noticed a Killer Klown
 84489 | Zot:2    | Killed a Killer Klown
 84499 | Zot:1    | Noticed a Killer Klown
 84499 | Zot:1    | Noticed a Killer Klown
 84511 | Zot:1    | Killed a Killer Klown
 85200 | Zot:1    | Killed a Killer Klown
 85211 | Zot:1    | Identified the orb "Kestre" {light, rC+}
 85491 | Zot:1    | Reached XP level 26. HP: 137/155 MP: 38/38
 86208 | Zot:2    | Identified the +6 scale mail "Koud" {Str+2}
 88458 | Zot:4    | Found a transporter.
 88469 | Zot:4    | Found a transporter.
 88864 | Zot:5    | Entered Level 5 of the Realm of Zot
 89429 | Zot:5    | Noticed a dread lich
 89490 | Zot:5    | Killed a dread lich
 89508 | Zot:5    | Noticed an orb of fire
 89510 | Zot:5    | Noticed a dread lich
 89517 | Zot:5    | Noticed an orb of fire
 89519 | Zot:5    | Killed an orb of fire
 89519 | Zot:5    | Noticed an orb of fire
 89519 | Zot:5    | Noticed an orb of fire
 89523 | Zot:5    | Noticed an orb of fire
 89523 | Zot:5    | Gained mutation: Your magical capacity is low. (-10% MP)
                  | [an orb of fire]
 89530 | Zot:5    | Killed an orb of fire
 89530 | Zot:5    | Noticed an orb of fire
 89542 | Zot:5    | Noticed a dread lich
 89546 | Zot:5    | Gained mutation: You occasionally lose the ability to read
                  | scrolls when taking damage. [an orb of fire]
 89549 | Zot:5    | Killed an orb of fire
 89552 | Zot:5    | Noticed a dread lich
 89573 | Zot:5    | Lost mutation: You occasionally lose the ability to read
                  | scrolls when taking damage. [potion of mutation]
 89573 | Zot:5    | Lost mutation: Your magical capacity is low. (-10% MP)
                  | [potion of mutation]
 89573 | Zot:5    | Gained mutation: You passively dampen the noise of your
                  | surroundings. [potion of mutation]
 89573 | Zot:5    | Gained mutation: Your muscles are strong. (Str +4, Int/Dex
                  | -1) [potion of mutation]
 89574 | Zot:5    | HP: 3/157 [tentacled monstrosity (10)]
 89574 | Zot:5    | Constricted to death by a tentacled monstrosity

Illustrated notes

Levels and vault maps discovered:
D:1:      psy_arrival_basics, layout_loops_ring, serial_shops, shop
D:2:      layout_rooms, minmay_heptomino_w4
D:3:      layout_rooms, minitemple, uniq_crazy_yiuf_cottage, uniq_terence,
          uniq_natasha, uniq_robin
D:4:      layout_basic
D:5:      layout_rooms
D:6:      layout_rooms, temple_hall, uniq_sigmund, uniq_maggie
D:7:      layout_gridville, xom_shifter_show
D:8:      layout_basic, mainiacjoe_overflow_tiny_flanked,
          kennysheep_generic_room_6
D:9:      nzn_winding_woodlands_large [nzn_winding_woodlands_5x5_open_star,
          nzn_winding_woodlands_5x15_pockets, nzn_winding_woodlands_hourglass,
          nzn_winding_woodlands_center_pierced_h,
          nzn_winding_woodlands_15x15_killbox,
          nzn_winding_woodlands_center_diamonds,
          nzn_winding_woodlands_5x5_default,
          nzn_winding_woodlands_5x15_split_checker,
          nzn_winding_woodlands_5x5_cross], layout_cave_pools,
          dpeg_oklobed_lair, gammafunk_ghost_grave
D:10:     layout_cave_pods, mainiacjoe_overflow_alcove_1, enter_bailey_4
D:11:     layout_basic
D:12:     minmay_heptahexagon, layout_basic, serial_shops, shop,
          roderic_roman_lattice, trog_ov_bears_minmay
D:13:     layout_roguey, serial_shops, shop, minmay_circle_x, uniq_sonja,
          uniq_maurice
D:14:     layout_roguey, david_vaults_4, serial_park_avenue1,
          gauntlet_entry_generic
D:15:     hangedman_depths_entry_civil_slaughter, layout_loops_corners,
          hangedman_decor_riveting, serial_demonic, serial_demonic_f,
          serial_demonic_c, serial_demonic_b, serial_demonic_e,
          serial_demonic_e, serial_demonic_d, uniq_azrael
Temple:   minmay_crystal_spiral_temple
Lair:1:   layout_cave_pods, beast_lair_carwin_10
Lair:2:   layout_roguey
Lair:3:   layout_regular_city, minmay_shoals_entry_centaurs, spider_nest_entry_a
Lair:4:   cheibrodos_lair_overgrown_chateau, layout_cave_pods, uniq_kirke,
          uniq_josephine
Lair:5:   evilmike_catoblepas_cave, layout_gridlike, slime_entry_1, basic_altar,
          minmay_lair_oklob_bushes
Shoals:1: layout_shoals
Shoals:2: layout_shoals, argonaut_gorgonesque
Shoals:3: layout_shoals, gammafunk_ghost_split, nicolae_shoals_square_sea_wall,
          nicolae_stop_n_shop_1, nicolae_shoals_nautilus_by_nature,
          nicolae_shoals_c_island
Shoals:4: shoals_end_hangedman, layout_shoals, shoals_ilsuiw_alternative,
          ebering_ghost_rock_garden
Spider:1: layout_spider_delve, nicolae_spider_webs_and_nodes
Spider:2: layout_chambers, hangedman_spider_tarantella_strand, uniq_roxanne
Spider:3: layout_spider_delve, spiders_nest_ghost_moth_duel, uniq_donald
Spider:4: johnstein_spider_rune_arachne_lair
Orc:1:    layout_caves, minmay_shop_enchanted_jewellery
Orc:2:    st_orc_ogre_mass, layout_diamond_mine, serial_shops,
          nicolae_shop_mannequins, nicolae_book_shop_shelving,
          nicolae_shop_rolling_square, shop_statue, portal_ice_cave_entry_imps
Elf:1:    layout_geoelf_grid, portal_desolation_entry_nicolae_nacl,
          minmay_elf_necromancy, wad_floor_pattern_1, hex_tiny
Elf:2:    nicolae_elf_blades_splatter_lattice [nicolae_blade_entry_pointy_end],
          layout_geoelf_grid, serial_shops,
          nicolae_shop_temple_entry_statues_fountains, nicolae_shop_dealshenge,
          serial_sigils_hangedman_carve, uniq_agnes
Elf:3:    elf_hall, layout_geoelf_octagon, serial_shops, shop_statue
Vaults:1: vaults_room_stairs_pillars, nicolae_vaults_storage_room_water,
          nicolae_vaults_offset_grid_hallway_1, hangedman_vaults_corner_blocks,
          nicolae_vaults_house_3, ontoclasm_vaults_misaligned,
          grunt_vaults_hallway_short, v_misc_5, v_misc_32,
          nicolae_vaults_layer_cake_slice, nicolae_vaults_trapezoid_lopsided_3,
          vaults_room_grid, nicolae_vaults_yaktaur_gun_rack,
          nicolae_vaults_variable_pillar_hall, layout_vaults_chaotic_city
Vaults:2: hangedman_vaults_unwind, vaults_dpeg_doors, hangedman_vaults_snaps,
          v_misc_18, nicolae_vaults_border_crossing, v_misc_10,
          nicolae_vaults_tetromino_L_2, nicolae_vaults_storage_closets_2,
          v_misc_25, nicolae_vaults_specimen_jars, nicolae_vaults_tetromino_T_1,
          nicolae_vaults_antechamber_and_loot_room, v_misc_8,
          layout_vaults_maze_snakey, uniq_sojobo
Vaults:3: v_misc_27, nicolae_vaults_little_ls, v_misc_13, v_rooms_6,
          nicolae_vaults_storage_room_glass, nicolae_vaults_closet_pinwheel_3,
          nicolae_vaults_sightless_eye, nicolae_vaults_fighting_squares,
          v_pattern_5, nicolae_vaults_two_Ls, nicolae_vaults_theta,
          nicolae_vaults_tangram_2, minmay_crypt_entry_simple_corners,
          nicolae_vaults_trapezoid_lopsided_1, v_alt_pattern_6,
          nicolae_vaults_shelves_hall, layout_vaults_ring,
          nicolae_trove_entry_path_of_doom
Vaults:4: advil_vaults_ghost_lines, nicolae_vaults_apartment_2,
          hangedman_vaults_corner, ontoclasm_vaults_eye,
          nicolae_vaults_storage_closets_1, grunt_tower_of_power,
          nicolae_vaults_six-pack, nicolae_vaults_circle_grid_a,
          nicolae_vaults_weapon_check, nicolae_vaults_tetromino_T_2,
          nicolae_vaults_variable_pillar_hall, nicolae_vaults_network_periphery,
          vaults_room_hallway, ontoclasm_vaults_gateway, vaults_room_pools,
          layout_vaults_omnibox
Vaults:5
Crypt:1:  layout_catacombs, uniq_vv
Crypt:2:  layout_gridlike
Crypt:3:  lightli_unholy_cathedral, layout_chaotic_city,
          tomb_entry_sphere_bobbens, uniq_grunn, uniq_bai_suzhen
Depths:1: layout_cave_pools, enter_ziggurat_b, pf_hell_entry_tar_spiral,
          abyss_entry, nicolae_gozag_seed_capital, lemuel_blue_sif_altar,
          minmay_shop_grove
Depths:2: constructs_gauntlet_mu_hangedman, layout_gridlike, hellmouth_3,
          pan_entry, infiniplex_staircase_spiral_double
Depths:3: cross_vault, layout_basic, abyss_entry, hell_entry,
          serial_corexii_hall, corexii_hall_statues_x, corexii_hall_statues_i,
          corexii_hall_statues_x, nicolae_ru_sacrificial_ziggurat,
          infiniplex_staircase_zigzag_3
Depths:4: grunt_zot_entry_gee_three, layout_honeycomb, minmay_room_of_horrors,
          hell_entry, okawaru_trees_2, hangedman_decor_clover_reticule
Zot:1:    grunt_zot_stairs_faceoff, layout_onion_interference,
          skrybe_zot_glass_3
Zot:2:    layout_cathedral_of_symmetry, grunt_megastairs_2
Zot:3:    layout_onion, grunt_megastairs_4
Zot:4:    gammafunk_sealed_arena, layout_onion_interference
Zot:5:    layout_misc_corridors

Skill      XL: |  1  2  3  4  5  6  7  8  9 10 11 12 13 14 15 16 17 18 19 20 21 22 23 24 25 26 |
---------------+-------------------------------------------------------------------------------+-----
Stealth        | 6 7 10 12 14 15 16 18 24 | 24.5
Dodging        | 2 3 4 6 7 9 11 13 14 16 18 19 20 22 23 24 25 26 27 | 27.0
Fighting       | 2 3 4 5 6 7 8 9 10 11 12 13 14 15 16 17 18 21 22 | 22.9
Short Blades   | 3 4 5 6 8 9 10 11 14 | 14.0
Evocations     | 2 4 6 8 10 12 13 14 16 18 19 20 21 23 24 | 24.8
Invocations    | 1 3 4 5 11 14 15 16 17 18 19 20 21 | 21.7
Armour         | 1 2 3 4 |  4.0
Shields        | 1 5 7 |  7.0
Translocations | 8 10 | 10.5
Air Magic      | 6 |  6.0
Spellcasting   | 3 |  3.1
Throwing       | |  2.0

Action                     |  1- 3 |  4- 6 |  7- 9 | 10-12 | 13-15 | 16-18 | 19-21 | 22-24 | 25-27 || total
---------------------------+-------+-------+-------+-------+-------+-------+-------+-------+-------++-------
  Melee: Dagger            |   189 |   328 |   588 |   318 |       |       |       |       |       ||  1423
         Punch             |     2 |     3 |     8 |    38 |     4 |       |       |       |       ||    55
         Short sword       |       |       |       |  1439 |   120 |       |       |       |       ||  1559
         Rapier            |       |       |       |    32 |   899 |  1497 |  1160 |  1768 |  1024 ||  6380
         Quick blade       |       |       |       |       |       |    28 |     6 |    14 |    86 ||   134
  Throw: Dart              |       |     9 |    66 |    31 |     1 |     7 |       |     1 |       ||   115
         Boomerang         |       |       |       |       |       |     2 |     1 |       |       ||     3
   Cast: Lesser Beckoning  |       |       |       |       |       |     2 |       |       |       ||     2
         Vhi's Electric Ch |       |       |       |       |       |       |       |     1 |       ||     1
         Blink             |       |       |       |       |       |       |       |     4 |     3 ||     7
 Invoke: Stomp             |       |       |       |       |       |     1 |     5 |    12 |     3 ||    21
         Line Pass         |       |       |       |       |       |       |     2 |     1 |     3 ||     6
         Grand Finale      |       |       |       |       |       |       |     1 |     1 |     7 ||     9
Ability: Evoke Invisibilit |       |       |       |       |       |    14 |     5 |     1 |       ||    20
  Evoke: Wand              |       |       |    18 |    30 |    15 |    35 |    10 |     8 |       ||   116
         Tin of tremorston |       |       |       |     3 |     2 |     3 |     2 |     2 |     2 ||    14
         Lightning rod     |       |       |       |       |       |     6 |     5 |     4 |     2 ||    17
         Box of beasts     |       |       |       |       |       |     1 |     1 |       |       ||     2
         Phantom mirror    |       |       |       |       |       |     1 |     1 |       |       ||     2
         Phial of floods   |       |       |       |       |       |     1 |       |       |       ||     1
    Use: Scroll            |       |     4 |     4 |     3 |    12 |    24 |     8 |     9 |     8 ||    72
         Potion            |       |       |       |     5 |     3 |     3 |     3 |     4 |     8 ||    26
   Stab: Sleeping          |     5 |    10 |    11 |    11 |    23 |    61 |    80 |   109 |    39 ||   349
         Distracted        |       |     2 |     1 |     3 |     5 |    11 |     8 |    24 |    13 ||    67
         Paralysed         |       |       |     8 |    23 |    60 |   108 |   139 |   152 |    68 ||   558
         Invisible         |       |       |       |       |       |    44 |    13 |     3 |       ||    60
         Held in net/web   |       |       |       |       |       |     1 |       |       |       ||     1
         Confused          |       |       |       |       |       |       |     2 |       |     5 ||     7
 Armour: Robe              |    17 |    22 |    31 |       |       |    41 |    44 |    18 |       ||   173
         Acid dragon scale |       |       |    33 |   168 |    97 |    22 |       |       |       ||   320
         Troll leather arm |       |       |       |       |       |    13 |       |    26 |    60 ||    99
  Dodge: Dodged            |   125 |   208 |   542 |  1279 |   648 |   882 |   641 |  1040 |   967 ||  6332
  Block: Buckler           |       |       |       |       |   103 |   683 |   498 |   782 |   508 ||  2574
         Reflection        |       |       |       |       |       |    35 |    33 |    31 |    19 ||   118
